 Dungeon Crawl Stone Soup version 0.13-a0-2450-ga447c6a (webtiles) character file.

187 Rycklaryybbe the Grave Robber (level 4, -2/30 HPs)
             Began as a Demonspawn Necromancer on July 17, 2013.
             Slain by a gnoll
             ... wielding a +0,+0 halberd
              (14 damage)
             ... on Level 2 of the Dungeon.
             The game lasted 00:07:46 (2698 turns).

Rycklaryybbe the Grave Robber (DsNe)                Turns: 2698, Time: 00:07:46

HP  -2/30        AC  3     Str  9      XL: 4   Next: 55%
MP   7/9         EV 12     Int 17      God:
Gold 81          SH  0     Dex 13      Spells:  4 memorised,  0 levels left

Res.Fire  : . . .   See Invis. : .   l - +0 whip (drain)
Res.Cold  : . . .   Warding    : .   a - +0 robe
Life Prot.: . . .   Conserve   : .   (no shield)
Res.Poison: .       Res.Corr.  : .   (no helmet)
Res.Elec. : .       Clarity    : .   (no cloak)
Sust.Abil.: . .     Spirit.Shd : .   (no gloves)
Res.Mut.  : .       Stasis     : .   r - +0 pair of boots
Res.Rott. : .       Flight     : .   (no amulet)
Saprovore : . . .                    (no ring)
                                     (no ring)

@: slightly resistant to hostile enchantments, fairly stealthy
A: talons 1
a: no special abilities


You were on level 2 of the Dungeon.
You were not hungry.

You visited 1 branch of the dungeon, and saw 2 of its levels.

You collected 61 gold pieces.

Inventory:

Hand weapons
 l - a +0,+0 whip of draining (weapon)
 m - a +0,+0 hand axe (quivered)
 o - a +0,+0 whip
 t - a -2,-2 whip
Missiles
 e - 12 poisoned needles
Armour
 a - a +0 robe (worn)
 r - a +0 pair of boots (worn)
Comestibles
 c - a bread ration
 f - 2 apples
 v - a chunk of bat flesh
Scrolls
 d - 2 scrolls of remove curse
 h - a scroll of curse armour {unknown}
 i - 2 scrolls of teleportation {unknown}
 j - a scroll of enchant weapon II {unknown}
 k - 2 scrolls of identify {unknown}
 p - a scroll of recharging {unknown}
 q - a scroll of enchant armour {unknown}
 s - a scroll of magic mapping {unknown}
Potions
 g - a potion of mutation {unknown}
Books
 b - a book of Necromancy

   Spells                             Type                      Level
   *Pain                              Necromancy                   1
   Animate Skeleton                   Necromancy                   1
   *Lethal Infusion                   Charms/Necromancy            2
   *Vampiric Draining                 Necromancy                   3
   *Regeneration                      Charms/Necromancy            3
   Animate Dead                       Necromancy                   4
   Control Undead                     Necromancy                   4


   Skills:
 + Level 0.1 Maces & Flails
 - Level 1.7 Dodging
 - Level 1.7 Stealth
 - Level 3.0 Spellcasting
 + Level 5.5 Necromancy


You couldn't memorise any spells.
You knew the following spells:

 Your Spells              Type           Power        Failure   Level  Hunger
a - Pain                  Necr           ###.         1%          1    None
b - Lethal Infusion       Chrm/Necr      ##........   10%         2    ##.....
c - Vampiric Draining     Necr           ###.......   8%          3    ###....
d - Regeneration          Chrm/Necr      ##........   17%         3    ###....


Dungeon Overview and Level Annotations

Branches:
Dungeon (2/27)

Altars:


Innate Abilities, Weirdness & Mutations

You have sharp toenails.


Message History

The bat hits you.
You barely miss the bat. The bat closely misses you.
The bat hits you but does no damage. The bat hits you.
You hit the bat.
You kill the bat!
Found a wide hardcover book.
Casting: Pain
Confirm with . or Enter, or press ? or * to list all spells.
You don't know that spell.
Casting: Pain
Confirm with . or Enter, or press ? or * to list all spells.
Your uncursed whip crackles with unholy energy.
The gnoll hits you from afar with a halberd!
The gnoll hits you with a halberd!
You hit the gnoll. You drain the gnoll!
The gnoll is heavily wounded.
You barely miss the gnoll.
The gnoll is heavily wounded.
The gnoll hits you with a halberd!
You die...

.#.###.###.##.## .#.# #.#
#.##.# .#.###.###.##.# ..
.#.........##.#
....######.#####......#.#
....+....#.#<###..#...#.#
#....##.........>..#...#.#
..............#.#....##.##
..........@g...............
.
...:#....#.#.##.######.###
... #..%...............#
.... #..#.######.######.# #
'# #...............##.#
##.# . #....######.###.##g#
...##...# #....##.# #.#
#.##g# ≈..##...####....##.#
#.# #.##.#
≈..##......#......<# #.#
#.##.#


You could see a gnoll.

Vanquished Creatures
  2 adders (D:2)
  4 gnolls (D:2)
  2 worms (D:2)
  A giant gecko (D:2)
  2 oozes (D:1)
  3 giant cockroaches
  2 goblins (D:1)
  6 hobgoblins
  8 bats
  A giant newt (D:2)
  3 rats (D:2)
34 creatures vanquished.

Notes
Turn   | Place    | Note
--------------------------------------------------------------
     0 | D:1      | Rycklaryybbe, the Demonspawn Necromancer, began the quest for the Orb.
     0 | D:1      | Reached XP level 1. HP: 13/13 MP: 3/3
   420 | D:1      | Gained mutation: You have sharp toenails. [demonic ancestry]
   420 | D:1      | Reached XP level 2. HP: 19/19 MP: 4/4
  1353 | D:2      | Reached XP level 3. HP: 5/24 MP: 3/6
  2031 | D:2      | Reached skill level 5 in Necromancy
  2247 | D:2      | Reached XP level 4. HP: 26/30 MP: 6/9
  2637 | D:1      | Learned a level 2 spell: Lethal Infusion
  2641 | D:1      | Learned a level 3 spell: Vampiric Draining
  2645 | D:1      | Learned a level 3 spell: Regeneration
  2698 | D:2      | Slain by a gnoll

Action                   |  1- 3 |  4- 6 || total
-------------------------+-------+-------++-------
Melee: Whip              |    24 |    28 ||    52
       Unarmed           |     5 |       ||     5
 Cast: Pain              |    66 |    12 ||    78
       Lethal Infusion   |       |     1 ||     1
  Use: Potion            |     1 |       ||     1
       Scroll            |       |     1 ||     1
